 Dungeon Crawl Stone Soup version 0.29.0-4-gdea44cf6ec (webtiles) character file.

Game seed: 5873105774841445943

84 qw the Chopper (level 4, -2/26 HPs)
             Began as a Tengu Warper on Aug 28, 2022.
             Slain by a goblin
             ... wielding a +3 dagger of freezing
             ... led by Robin
              (3 damage)
             ... on level 3 of the Dungeon.
             The game lasted 00:00:14 (2424 turns).

qw the Chopper (Tengu Warper)                       Turns: 2424, Time: 00:00:14

Health: -2/26      AC:  8    Str: 13    XL:     4   Next: 46%
Magic:  0/8        EV:  6    Int: 13    God:
Gold:   65         SH:  0    Dex: 14    Spells: 7/7 levels left

rFire   . . .      SeeInvis .   Y - +0 hand axe
rCold   . . .      Faith    .   (no shield)
rNeg    . . .      Spirit   +   f - +0 chain mail
rPois   .          Reflect  .   (helmet restricted)
rElec   .          Harm     .   (no cloak)
rCorr   .          Rampage  .   (no gloves)
Will    .....                   (boots unavailable)
Stlth   ..........              d - amulet of guardian spirit
HPRegen 0.08/turn               (no ring)
MPRegen 0.11/turn               (no ring)

@: about to teleport
A: beak, talons 3
a: no special abilities


You were on level 3 of the Dungeon.
You visited 1 branch of the dungeon, and saw 3 of its levels.

You collected 113 gold pieces.
You spent 48 gold pieces at shops.


Innate Abilities, Weirdness & Mutations

You have a beak for a mouth.
You have claws for feet.


   Skills:
 - Level 2.0 Fighting
 + Level 5.0 Axes
 - Level 1.0 Throwing
 - Level 1.1 Armour
 - Level 2.1 Dodging
 - Level 2.0 Spellcasting
 - Level 2.4 Translocations


You had 7 spell levels left.
You didn't know any spells.
Your spell library contained the following spells:

 Spells                   Type           Power      Damage    Failure   Level
 Blink                    Tloc           14%        N/A       99%         2
 Gell's Gravitas          Tloc           7%         N/A       100%        3
 Lesser Beckoning         Tloc           7%         N/A       100%        3
 Teleport Other           Tloc           7%         N/A       100%        3
 Manifold Assault         Tloc           7%         N/A       100%        5

Inventory:

Hand Weapons
 i - a +0 whip
 Y - a +0 hand axe (weapon)
Missiles
 k - 3 javelins (quivered)
Armour
 f - a +0 chain mail (worn)
Jewellery
 d - an amulet of guardian spirit (around neck)
Scrolls
 c - a scroll of teleportation
 e - 5 scrolls of identify
Potions
 a - a potion of might {unknown}
 g - a potion of curing
 h - a potion of resistance

Dungeon Overview and Level Annotations

Branches:
Dungeon (3/15)

Altars:
Xom
Lugonu

Shops:
D:1 ![[?!

Portals:
Abyss: D:1

Annotations:
D:1 2 runed translucent doors
D:3 Robin


Message History

Your Axes skill increases to level 5!
You slash the worm!
You kill the worm!
You closely miss the goblin. Robin throws the goblin at you!
The goblin shoots a sling bullet.
The sling bullet hits you.
You miss the goblin. You claw the goblin. Your peck misses the goblin.
The goblin is heavily wounded.
You hit the goblin.
Robin roars a battlecry!
The goblins go into a battle-frenzy!
The goblin barely misses you.
The goblin hits you with a +3 dagger of freezing.
The goblin freezes you.
The goblin shoots a sling bullet.
The sling bullet hits you but does no damage.
You barely miss the goblin. Your kick misses the goblin.
Your peck misses the goblin.
The goblin is heavily wounded.
You closely miss the goblin. Robin hits you but does no damage.
The goblin hits you but does no damage.
The goblin hits you with a +3 dagger of freezing.
The goblin freezes you.
The goblin shoots a sling bullet.
The sling bullet hits you.
You hit the goblin.
You kill the goblin!
You hit the goblin. Robin hits you but does no damage.
The goblin hits you but does no damage.
The goblin shoots a sling bullet.
The sling bullet hits you.
You hit the goblin but do no damage. Your peck misses the goblin.
The goblin is severely wounded.
Robin hits you from afar with a +0 trident.
The goblin hits you but does no damage.
The goblin shoots a sling bullet.
The sling bullet hits you but does no damage.
2424 ||| READING 2 scrolls of teleportation.
As you read the scroll of teleportation, it crumbles to dust.
You feel strangely unstable. Robin hits you but does no damage.
The goblin hits you with a +3 dagger of freezing!
The goblin freezes you.
You die...

........................#
.....#.....)........##}##
.................#.##..^##
.....#.....###.#####...~.##
.....#.....# #.# #..7....#
..[........# #.####~.^...~#
...)..######
#.##.}..__#.~}. ......#
######.#)g#^~...^.##.
..............g)@##~7..~^.#
#######........)####..^~^##
#.....%g.# #...## ........#
#}## ..(.....# .. .(%......
.. ..(.....# ...../..#


You could see Robin and 2 goblins.

Vanquished Creatures
  2 adders
  3 worms
  An orc (D:3)
  3 endoplasms
  2 giant cockroaches (D:3)
  12 goblins
  5 hobgoblins
  6 jackals (D:1)
  3 ball pythons
  3 bats
  3 frilled lizards (D:1)
  7 kobolds
  A rat (D:1)
51 creatures vanquished.

Vanquished Creatures (others)
  2 demonic plants (D:2)
  A withered plant (D:2)
3 creatures vanquished.

Grand Total: 54 creatures vanquished

Notes
Turn   | Place    | Note
-------+----------+-------------------------------------------
     0 | D:1      | qw the Tengu Warper began the quest for the Orb.
     0 | D:1      | Reached XP level 1. HP: 12/12 MP: 4/4
     0 | D:1      | 0 ||| qw: Version: 0.1-a-89-g26bdef1
     0 | D:1      | 0 ||| qw: Game counter: 1346
     0 | D:1      | 0 ||| qw: Always use a shield: true
     0 | D:1      | 0 ||| qw: God list: Okawaru
     0 | D:1      | 0 ||| qw: Allow faded altars: false
     0 | D:1      | 0 ||| qw: Do Orc after D:15 true
     0 | D:1      | 0 ||| qw: Do second Lair branch before Depths: true
     0 | D:1      | 0 ||| qw: Lair rune preference: random
     0 | D:1      | 0 ||| qw: Plans: Normal
     0 | D:1      | 0 ||| PLANNING D:1-11
    39 | D:1      | 39 ||| Stepping ~*~*~tactically~*~*~ (stealth).
    56 | D:1      | 56 ||| Stepping ~*~*~tactically~*~*~ (stealth).
    58 | D:1      | 58 ||| Stepping ~*~*~tactically~*~*~ (stealth).
    61 | D:1      | 61 ||| Stepping ~*~*~tactically~*~*~ (stealth).
    62 | D:1      | 62 ||| Stepping ~*~*~tactically~*~*~ (stealth).
    65 | D:1      | 65 ||| Stepping ~*~*~tactically~*~*~ (stealth).
    75 | D:1      | Reached skill level 3 in Axes
    75 | D:1      | Reached XP level 2. HP: 12/17 MP: 6/6
   186 | D:1      | Found a large runed translucent door.
   186 | D:1      | Found a large runed translucent door.
   188 | D:1      | Found a one-way gate to the infinite horrors of the Abyss.
   188 | D:1      | Found a corrupted altar of Lugonu.
   188 | D:1      | Noticed a crimson imp
   293 | D:1      | 293 ||| Stepping ~*~*~tactically~*~*~ (stealth).
   295 | D:1      | 295 ||| Stepping ~*~*~tactically~*~*~ (stealth).
   546 | D:1      | Found Wiuwomem's Antique Armour Shop.
   557 | D:1      | 557 ||| SHOPLISTING buckler (130 gold, have 39).
   557 | D:1      | 557 ||| SHOPLISTING ring mail (116 gold, have 39).
   557 | D:1      | 557 ||| SHOPLISTING shiny chain mail (217 gold, have 39).
   557 | D:1      | 557 ||| SHOPLISTING shiny scale mail (203 gold, have 39).
   583 | D:1      | Found Mosig's Antique Armour Emporium.
   591 | D:1      | 591 ||| SHOPLISTING glowing plate armour (546 gold, have
                  | 39).
   591 | D:1      | 591 ||| SHOPLISTING glowing robe (77 gold, have 39).
   591 | D:1      | 591 ||| SHOPLISTING plate armour (483 gold, have 39).
   591 | D:1      | 591 ||| SHOPLISTING ring mail (84 gold, have 39).
   681 | D:1      | Found Ochi's Magic Scroll Shoppe.
   693 | D:1      | 693 ||| SHOPLISTING scroll of enchant weapon (90 gold, have
                  | 53).
   693 | D:1      | 693 ||| BUYING scroll of identify (24 gold).
   693 | D:1      | Bought a scroll of identify for 24 gold pieces
   693 | D:1      | 693 ||| BUYING scroll of identify (24 gold).
   693 | D:1      | Bought a scroll of identify for 24 gold pieces
   693 | D:1      | 693 ||| SHOPLISTING scroll of identify (24 gold, have 5).
   693 | D:1      | 693 ||| SHOPLISTING scroll of teleportation (36 gold, have
                  | 5).
   703 | D:1      | Found Wefaac's Distillery.
   715 | D:1      | 715 ||| DROPPING +0 club.
   719 | D:1      | 719 ||| SHOPLISTING potion of curing (42 gold, have 5).
   719 | D:1      | 719 ||| SHOPLISTING potion of haste (140 gold, have 5).
   719 | D:1      | 719 ||| SHOPLISTING potion of heal wounds (70 gold, have
                  | 5).
   804 | D:1      | Found Ynoesyt's Distillery.
   813 | D:1      | 813 ||| SHOPLISTING 2 potions of curing (60 gold, have 5).
   813 | D:1      | 813 ||| SHOPLISTING potion of curing (30 gold, have 5).
   813 | D:1      | 813 ||| SHOPLISTING potion of heal wounds (50 gold, have
                  | 5).
   901 | D:1      | Reached XP level 3. HP: 21/21 MP: 7/7
  1074 | D:1      | 1074 ||| UPGRADING to amulet of guardian spirit.
  1079 | D:1      | 1079 ||| READING scroll labelled JODEVE EBEYKA.
  1080 | D:1      | 1080 ||| READING scroll labelled NECRYT IRAH.
  1081 | D:1      | 1081 ||| READING scroll labelled ZITIUMEFFO.
  1152 | D:1      | 1152 ||| DROPPING scroll of blinking.
  1197 | D:2      | Found a faded altar of an unknown god.
  1276 | D:2      | Reached skill level 4 in Axes
  2208 | D:2      | 2208 ||| UPGRADING to +0 scale mail.
  2218 | D:2      | 2218 ||| DROPPING +0 leather armour.
  2219 | D:2      | 2219 ||| UPGRADING to +0 chain mail.
  2229 | D:2      | 2229 ||| DROPPING +0 scale mail.
  2230 | D:2      | 2230 ||| DRINKING 2 white potions.
  2231 | D:2      | 2231 ||| READING 7 scrolls of identify.
  2231 | D:2      | 2231 ||| IDENTIFYING puce potion
  2232 | D:2      | 2232 ||| READING 6 scrolls of identify.
  2232 | D:2      | 2232 ||| IDENTIFYING golden potion
  2233 | D:2      | 2233 ||| DROPPING potion of flight.
  2356 | D:3      | Reached XP level 4. HP: 25/26 MP: 6/8
  2385 | D:3      | Found a shimmering altar of Xom.
  2386 | D:3      | Found a shimmering altar of Xom.
  2402 | D:3      | 2402 ||| Stepping ~*~*~tactically~*~*~ (stealth).
  2404 | D:3      | 2404 ||| Stepping ~*~*~tactically~*~*~ (stealth).
  2408 | D:3      | Noticed Robin
  2419 | D:3      | Reached skill level 5 in Axes
  2423 | D:3      | HP: 5/26 [Robin/+0 trident (4)]
  2424 | D:3      | 2424 ||| READING 2 scrolls of teleportation.
  2424 | D:3      | HP: 1/26 [goblin/+3 dagger of freezing[Robin] (4)]
  2424 | D:3      | Slain by a goblin

Levels and vault maps discovered:
D:1:      erik_arrival_cave_to_civilisation [erik_arrival_cave_to_temple],
          layout_basic, serial_shops, nicolae_shop_statue_plus, shop, shop,
          nicolae_shop_overgrown_old_shop, nicolae_shop_waterfront,
          grunt_decor_junction
D:2:      layout_loops_ring, shapermc_ecumenical_altar_gd,
          minmay_goblin_kobold_house
D:3:      layout_rooms, xom_redecorated, kennysheep_generic_room_4, uniq_robin

Skill      XL: |  1  2  3  4 |
---------------+-------------+-----
Axes           | 3 4 5 |  5.0
Fighting       | |  2.0
Throwing       | |  1.0
Armour         | |  1.1
Dodging        | |  2.1
Spellcasting   | |  2.0
Translocations | |  2.4

Action                   |  1- 3 |  4- 6 || total
-------------------------+-------+-------++-------
Melee: Hand axe          |    89 |    16 ||   105
       Kick              |    21 |     3 ||    24
       Peck              |    13 |     1 ||    14
       Punch             |     1 |       ||     1
Throw: Boomerang         |     7 |       ||     7
       Javelin           |     8 |     6 ||    14
  Use: Scroll            |     5 |     1 ||     6
       Potion            |     1 |       ||     1
Armor: Leather armour    |    23 |       ||    23
       Chain mail        |     7 |    24 ||    31
Dodge: Dodged            |    51 |     6 ||    57

Table legend:
 A = Non-vault XP
 B = Vault XP
 C = Vault XP percentage of total XP
 D = Non-vault monster count
 E = Vault monster count
 F = Vault count percentage of total count
                 A         B        C        D         E       F
            +---------+---------+-------+---------+---------+-------
      Total |      94 |      27 |  22.3 |      35 |      16 |  31.4
            +---------+---------+-------+---------+---------+-------
        D:1 |      36 |       3 |   7.7 |      21 |       2 |   8.7
        D:2 |      30 |       5 |  14.3 |       7 |       4 |  36.4
        D:3 |      28 |      19 |  40.4 |       7 |      10 |  58.8
            +---------+---------+-------+---------+---------+-------
